 Dungeon Crawl Stone Soup version 0.27.0-1-g7a089689b8 (webtiles) character file.

Game seed: 10876177992072466262

46 MajorAdolf the Chopper (level 3, -1/28 HPs)
             Began as a Naga Wanderer on Aug 10, 2021.
             Killed by nerve-wracking pain
             ... invoked by Jessica
              (2 damage)
             ... on level 2 of the Dungeon.
             The game lasted 00:02:11 (2136 turns).

MajorAdolf the Chopper (Naga Wanderer)              Turns: 2136, Time: 00:02:12

Health: -1/28      AC:  4    Str: 16    XL:     3   Next: 68%
Magic:  6/6        EV:  8    Int: 13    God:
Gold:   60         SH:  3    Dex:  8    Spells: 6/6 levels left

rFire    . . .     SeeInvis +   a - +2 hand axe
rCold    . . .     Faith    .   c - +0 buckler
rNeg     . . .     Spirit   .   f - +0 ring mail
rPois    +         Reflect  .   (no helmet)
rElec    .         Harm     .   (no cloak)
rCorr    .         Rampage  .   (no gloves)
Will     .....                  (no barding)
Stlth    ..........             (no amulet)
HPRegen  0.09/turn              (no ring)
MPRegen  0.10/turn              (no ring)

@: very slow
A: AC +1, large, see invisible, deformed body, poison resistance, slowness 2,
spit poison 1, naga tail 1
a: Spit Poison


You were on level 2 of the Dungeon.
You visited 1 branch of the dungeon, and saw 2 of its levels.

You collected 60 gold pieces.

Inventory:

Hand Weapons
 a - a +2 hand axe (weapon)
Armour
 c - a +0 buckler (worn)
 d - a +0 robe
 f - a +0 ring mail (worn)
Scrolls
 h - a scroll of immolation {unknown}
 j - a scroll of amnesia {unknown}
 m - a scroll of vulnerability {unknown}
 n - a scroll of identify {unknown}
Potions
 e - a potion of berserk rage {unknown}
 g - 2 potions of lignification {unknown}
 i - a potion of cancellation {unknown}
 k - a potion of curing {unknown}
 l - 2 potions of heal wounds {unknown}


   Skills:
 + Level 3.7 Axes
 + Level 2.2 Armour
 + Level 0.6 Dodging
 + Level 1.8 Shields
 - Level 2.0 Spellcasting
 - Level 1.0 Necromancy


You had 6 spell levels left.
You didn't know any spells.
Your spell library was empty.

Dungeon Overview and Level Annotations

Branches:
Dungeon (2/15)

Altars:

Annotations:
D:2 Jessica, Natasha


Innate Abilities, Weirdness & Mutations

Your serpentine skin is tough. (AC +1)
You have supernaturally acute eyesight. (SInv)
Armour fits poorly on your strangely shaped body.
Your system is resistant to poisons. (rPois)
You cover ground very slowly.
You can spit poison.
You have a snake-like lower body.


Message History

A ball python comes into view.
A ball python is nearby!
Jessica the Apprentice Sorceress comes into view.
She is wielding a +3 club.
Jessica shouts!
Jessica says, "I'm really upset."
The ball python completely misses you.
Press: ? - help, Shift-Dir - straight line, f - ball python
Aim: a ball python The splash of poison hits the ball python!
The ball python is poisoned.
You kill the ball python!
You feel yourself speed up.
Jessica mumbles some strange words.
Jessica seems to speed up.
Jessica gestures at you while chanting.
You barely resist.
You have got your breath back.
Press: ? - help, Shift-Dir - straight line, f - Jessica
Aim: Jessica, wielding a +3 club and wearing a +0 robe (fast)
The splash of poison hits Jessica.
Jessica is heavily wounded.
Jessica gestures at you while chanting.
You barely resist.
Unknown command.
You block Jessica's attack.
Jessica points at you and mumbles some strange words.
Pain shoots through your body!
* * * LOW HITPOINT WARNING * * *
Unknown command.
Jessica closely misses you.
Jessica points at you and mumbles some strange words.
Pain shoots through your body!
* * * LOW HITPOINT WARNING * * *
Jessica gestures at you while chanting.
You barely resist.
You have got your breath back.
Jessica looks very angry.
Jessica gestures at you while chanting. Pain shoots through your body!
You die...

#.##...## .#
###.#....###.#
########.....#.##...
...............##.#.##
#######...#..........#
#..##.##...8#8.########
###..#..####.#(#........
##†...#.##
#.8#8..#.#.#.#.#
##.....#.#
#@..@...........
##........#
#.######.##+##.
#.5.......# ...# ##..#
##.........#..#### #@#@+


bh........... ...@......# ##...........##########.# #.........### ....
#.........# #.#.# #.........# ##### You could see Jessica (fast).

Vanquished Creatures
  An adder (D:2)
  6 ball pythons
  4 endoplasms (D:1)
  3 goblins
  7 hobgoblins
  3 quokkas (D:1)
  5 bats
  2 frilled lizards
  A kobold (D:2)
  2 rats
34 creatures vanquished.

Notes
Turn   | Place    | Note
-------+----------+-------------------------------------------
     0 | D:1      | MajorAdolf the Naga Wanderer began the quest for the Orb.
     0 | D:1      | MajorAdolf set off with the following items: a +2 hand axe,
                  | a scroll of teleportation, a +0 buckler, a +0 robe
     0 | D:1      | Reached XP level 1. HP: 15/15 MP: 3/3
   281 | D:1      | Reached XP level 2. HP: 13/22 MP: 5/5
  1577 | D:1      | Reached XP level 3. HP: 28/28 MP: 6/6
  2102 | D:2      | Noticed Natasha
  2125 | D:2      | Noticed Jessica
  2135 | D:2      | HP: 1/28 [Jessica/nerve-wracking pain (1)]
  2136 | D:2      | Killed from afar by Jessica

Illustrated notes

Levels and vault maps discovered:
D:1:      sevenhm_arrival_forest_fort_large_2, layout_basic, minmay_pentomino_t4
D:2:      layout_rooms, st_stairs_7, minmay_misc_feat_doors,
          minmay_statues_item, uniq_jessica, uniq_natasha

Skill      XL: |  1  2 |
---------------+-------+-----
Armour         | 2 |  2.2
Axes           | |  3.7
Dodging        | |  0.6
Shields        | |  1.8
Spellcasting   | |  2.0
Necromancy     | |  1.0

Action                   || total
-------------------------++-------
Melee: Hand axe          ||    99
 Abil: Spit Poison       ||     6
  Use: Scroll            ||     1
Armor: Ring mail         ||    44
Dodge: Dodged            ||    58
Block: Buckler           ||    28
